 Dungeon Crawl Stone Soup version 0.22.0-6-g71bd7aa6b3 (webtiles) character file.

186024 Esekla the Spear-Bearer (level 18, -16/87 HPs)
             Began as a Vine Stalker Venom Mage on Aug 13, 2018.
             Was the Champion of Vehumet.
             Killed from afar by an ice dragon (47 damage)
             ... with a blast of cold
             ... on level 2 of the Swamp on Aug 15, 2018.
             The game lasted 09:53:49 (30905 turns).

Esekla the Spear-Bearer (Vine Stalker Venom Mage)  Turns: 30905, Time: 09:53:50

Health: -16/87     AC: 23    Str: 15    XL:     18   Next: 4%
Magic:  0/39       EV: 17    Int: 25    God:    Vehumet [******]
Gold:   1118       SH: 17    Dex: 21    Spells: 2/32 levels left

rFire    . . .     SeeInvis .   l - +9 trident (venom)
rCold    x x .     Gourm    .   V - +5 shield of the Kraken {MP+9 Int+2}
rNeg     + + .     Faith    .   s - +3 troll leather armour
rPois    +         Spirit   +   P - +0 helmet of Courage {*Drain rN+ Int+3 Dex+2} (curse)
rElec    .         Reflect  .   a - +0 cloak
rCorr    .         Harm     .   E - +2 pair of gloves {Str+3}
MR       +++..                  x - +2 pair of boots
Stlth    +++.......             q - amulet "Ruutt" {RegenMP rPois rC- MR+}
HPRegen  1.44/turn              U - ring "Zurizene" {rC- rN+ AC+3 Int+4 Slay+3}
MPRegen  0.51/turn              b - +4 ring of protection

@: no status effects
A: fangs 3, dopey 1, regeneration 2, magic shield, antimagic bite, no potion
heal 3, rot immunity
}: 1/15 runes: serpentine
a: Renounce Religion


You were on level 2 of the Swamp.
You worshipped Vehumet.
Vehumet was exalted by your worship.
You were not hungry.

You visited 7 branches of the dungeon, and saw 31 of its levels.
You also visited: Labyrinth and Ice Cave.

You collected 2907 gold pieces.
You spent 1789 gold pieces at shops.

Inventory:

Hand Weapons
 l - a +9 trident of venom (weapon)
 u - the +6 hand axe "Suebaunwo" {chop, rF+ Str+9}
   (You found it on level 5 of the Lair of Beasts)

   It inflicts extra damage upon your enemies.
   It affects your strength (+9).
   It protects you from fire.
 B - a +5 dagger of venom
Missiles
 g - 3 exploding tomahawks
 m - 4 tomahawks of returning
 y - 21 javelins (quivered)
 T - 21 tomahawks
Armour
 a - a +0 cloak (worn)
 s - a +3 troll leather armour (worn)
 x - a +2 pair of boots (worn)
 E - a +2 pair of gloves of strength (worn)
 J - a +1 robe of the Archmagi
 O - a +2 robe of resistance
 P - the cursed +0 helmet of Courage (worn) {*Drain rN+ Int+3 Dex+2}
   (You found it on level 5 of the Lair of Beasts)

   It affects your intelligence (+3).
   It affects your dexterity (+2).
   It protects you from negative energy.
   It causes draining when unequipped.
   It has a curse placed upon it.
 V - the +5 shield of the Kraken (worn) {MP+9 Int+2}
   (You found it on level 6 of the Lair of Beasts)

   It affects your intelligence (+2).
   It affects your magic capacity (+9).
 X - a +2 robe of magic resistance
Jewellery
 b - a +4 ring of protection (right hand)
 h - an uncursed ring of poison resistance
 p - a +4 amulet of reflection
 q - the amulet "Ruutt" (around neck) {RegenMP rPois rC- MR+}
   (You bought it in a shop on level 2 of the Orcish Mines)

   [amulet of magic regeneration]

   It increases your magic regeneration.
   It makes you vulnerable to cold.
   It protects you from poison.
   It affects your resistance to hostile enchantments.
 D - an uncursed ring of protection from magic
 L - an uncursed ring of ice
 M - an uncursed ring of protection from fire
 S - an uncursed ring of protection from magic
 U - the ring "Zurizene" (left hand) {rC- rN+ AC+3 Int+4 Slay+3}
   (You bought it in a shop on level 2 of the Orcish Mines)

   [ring of protection]

   It affects your AC (+3).
   It affects your intelligence (+4).
   It affects your accuracy and damage with ranged weapons and melee attacks
   (+3).
   It makes you vulnerable to cold.
   It protects you from negative energy.
 Y - an uncursed amulet of regeneration
 Z - an uncursed ring of resist corrosion
Wands
 e - a wand of polymorph (9)
 i - a wand of disintegration (32)
 G - a wand of iceblast (30)
 I - a wand of clouds (5)
 K - a wand of flame (63)
 N - a wand of scattershot (3)
 R - a wand of digging (18)
 W - a wand of paralysis (23)
Scrolls
 c - 12 scrolls of teleportation
 f - 4 scrolls of fear
 j - 14 scrolls of identify
 r - 12 scrolls of remove curse
 C - 5 scrolls of blinking
 H - 6 scrolls of magic mapping
Potions
 d - 6 potions of haste
 k - 6 potions of lignification
 n - a potion of cancellation
 t - 2 potions of might
 v - 2 potions of resistance
 w - a potion of magic
 z - 5 potions of flight
 A - 4 potions of brilliance
 F - 3 potions of curing
 Q - 2 potions of berserk rage
Comestibles
 o - 10 rations


   Skills:
 + Level 6.5 Fighting
 * Level 5.0 Short Blades
 + Level 14.9 Polearms
 + Level 2.5 Throwing
 + Level 4.7 Armour
 + Level 7.9 Dodging
 + Level 4.0 Stealth
 * Level 9.7 Shields
 + Level 7.6 Spellcasting
 + Level 8.3 Conjurations
 * Level 4.8 Hexes
 - Level 5.1 Translocations
 * Level 9.9 Fire Magic
 * Level 9.3 Air Magic
 * Level 10.7 Poison Magic
 + Level 3.3 Evocations


You had 2 spell levels left.
You knew the following spells:

 Your Spells              Type           Power        Failure   Level  Hunger
a - Sticky Flame          Conj/Fire      ######..     1%          4    ##.....
b - Blink                 Tloc           N/A          2%          2    None
c - Olgreb's Toxic Radia  Pois           ######..     1%          4    ##.....
d - Searing Ray           Conj           ######       1%          2    None
e - Mephitic Cloud        Conj/Pois/Air  ######..     1%          3    None
f - Fireball              Conj/Fire      ######....   2%          5    #####..
g - Lightning Bolt        Conj/Air       ######....   3%          5    #####..
h - Silence               Hex/Air        #####.....   24%         5    #####..

Your spell library contained the following spells:

 Spells                   Type           Power        Failure   Level  Hunger
 Cause Fear               Hex            ####......   22%         4    ##.....
 Magic Dart               Conj           ####         1%          1    None
 Conjure Flame            Conj/Fire      ######..     1%          3    None
 Bolt of Magma            Conj/Fire/Erth #####.....   10%         5    #####..
 Slow                     Hex            ####....     3%          2    None
 Confuse                  Hex            ####....     6%          3    None
 Throw Flame              Conj/Fire      ######       1%          2    None
 Freezing Cloud           Conj/Ice/Air   #####.....   45%         6    ######.
 Ring of Flames           Chrm/Fire      ####......   100%        7    #######
 Venom Bolt               Conj/Pois      ######....   2%          5    #####..
 Bolt of Draining         Conj/Necr      ####......   21%         5    #####..
 Call Imp                 Summ           #.......     24%         2    None
 Dispel Undead            Necr           #.......     99%         5    #####..
 Sting                    Conj/Pois      ####         1%          1    None
 Sublimation of Blood     Necr           #.........   24%         2    None
 Tukima's Dance           Hex            ####....     6%          3    None
 Summon Demon             Summ           #.........   99%         5    #####..
 Corpse Rot               Necr           N/A          24%         2    None
 Iron Shot                Conj/Erth      ####......   69%         6    ######.
 Recall                   Summ/Tloc      N/A          16%         3    None
 Agony                    Necr           #.......     99%         5    #####..
 Spider Form              Tmut/Pois      #####.....   4%          3    None
 Blade Hands              Tmut           #.........   99%         5    #####..
 Statue Form              Tmut/Erth      #........    100%        6    ######.
 Ice Form                 Ice/Tmut       #.......     83%         4    ##.....
 Shadow Creatures         Summ           N/A          100%        6    ######.
 Confusing Touch          Hex            ####..       2%          1    None
 Flame Tongue             Conj/Fire      #####        1%          1    None
 Sticks to Snakes         Tmut           #.......     24%         2    None
 Ensorcelled Hibernation  Hex/Ice        ###...       9%          2    None
 Metabolic Englaciation   Hex/Ice        ###.......   85%         5    #####..
 Shatter                  Erth           #.........   100%        9    #######
 Corona                   Hex            ####...      2%          1    None
 Excruciating Wounds      Chrm/Necr      #.........   99%         5    #####..
 Portal Projectile        Hex/Tloc       ####..       6%          3    None
 Petrify                  Tmut/Erth      #.......     83%         4    ##.....
 Leda's Liquefaction      Hex/Erth       ###.......   50%         4    ##.....
 Darkness                 Hex            ####......   97%         6    ######.
 Inner Flame              Hex/Fire       #####...     1%          3    None
 Aura of Abjuration       Summ           #.........   99%         5    #####..
 Beastly Appendage        Tmut           #.....       16%         1    None
 Dazzling Spray           Conj/Hex       #####.       1%          3    None
 Summon Forest            Summ/Tloc      ###.......   83%         5    #####..
 Summon Mana Viper        Hex/Summ       ###.....     85%         5    #####..
 Gell's Gravitas          Tloc           #####.....   5%          3    None
 Yara's Violent Unravell  Hex/Tmut       ###.......   36%         5    #####..
 Poisonous Vapours        Pois/Air       ######       1%          2    None
 Borgnjor's Vile Clutch   Necr/Erth      #.........   99%         5    #####..


Dungeon Overview and Level Annotations

Branches:
Dungeon (15/15)            Temple (1/1) D:7            Lair (6/6) D:9
  Swamp (2/4) Lair:3        Snake (4/4) Lair:4        Slime (1/5) Lair:5
    Orc (2/2) D:11            Elf (0/3) Orc:2        Vaults (0/5) D:13
 Depths (0/5) D:15

Altars:
Ashenzari
Cheibriados
Gozag
Hepliaklqana
Kikubaaqudgha
Makhleb
Nemelex Xobeh
Okawaru
Ru
Sif Muna
Trog
Uskayaw
Vehumet
Xom
Yredelemnul
Jiyva

Shops:
D:5 [   D:12 *   Orc:2 %=[}*

Annotations:
D:9 3 runed doors, KamiKatze's ghost, journeyman VSFi
D:11 2 runed doors, exclusion: obsidian statue
D:15 exclusion: orange crystal statue
Lair:6 1 runed door, exclusion: 3 oklob plants, IcyTea's ghost, journeyman TrHu
Snake:1 3 runed doors, Nerinnoumi's ghost, adept CeFi
Snake:2 3 runed doors, exclusion: obsidian statue, Azocuz's ghost, adept OpAr
Snake:3 3 runed doors, Puefib's ghost, adept CeFi
Orc:1 3 runed doors, Putoagui's ghost, journeyman MiFi


Innate Abilities, Weirdness & Mutations

You have razor-sharp teeth.
You heal very quickly.
When hurt, damage is shared between your health and your magic reserves.
Your bite disrupts and absorbs the magic of your enemies.
Potions cannot restore your health.
You are immune to rotting.
You are dopey. (Int -2)


Message History

The fire dragon looks as sick as possible!
You bite the fire dragon, but do no damage.
The fire dragon is severely wounded.
You barely miss the fire dragon. Your bite misses the fire dragon.
The fire dragon is severely wounded.
You block the fire dragon's attack. The fire dragon claws you!
You block the fire dragon's attack.
You closely miss the fire dragon. You bite the fire dragon.
You drain its power.
You feel invigorated.
The fire dragon is severely wounded.
You hit the fire dragon. You bite the fire dragon. You drain its power.
You feel invigorated.
The fire dragon is almost dead.
The fire dragon misses you. You block the fire dragon's attack.
The fire dragon tramples you!
You stumble backwards! 2 ice dragons and a bog body come into view.
The ice dragon breathes frost at you. The blast of cold hits you!
You feel a terrible chill!
Ouch! That really hurt!
You die...

♣≈.♣. ♣♣♣♣$≈
♣♣...≈♣♣♣♣♣≈≈.♣.≈ ≈
♣≈.≈≈♣.≈.≈≈≈≈... ♣.
♣n†.≈.≈≈≈≈≈♣♣≈ ♣♣≈
♣♣♣....≈≈≈≈.≈≈♣
♣≈..♣♣.♣....≈....♣≈≈
♣...≈.≈D..§>≈≈≈≈≈≈≈
♣♣.≈....≈≈§<♣≈≈≈≈≈≈
≈....♣@♣≈♣≈...≈≈≈≈≈
.≈...≈...♣♣♣♣♣≈≈≈≈≈≈
≈..≈...♣§♣ ♣.≈≈≈≈
♣.♣≈.♣.≈♣§ ♣≈≈≈.
♣..≈♣♣♣ nD ♣≈≈≈ ♣..
..♣ ..≈ ♣♣ D. $≈ ..$


You could see a fire dragon, 2 ice dragons and a bog body (wandering).

Vanquished Creatures
  Asterion (Snake:2)
  7 nagarajas (Snake:4)
  A stone giant (Orc:1)
  A minotaur (Lab)
  2 fire dragons (D:15)
  A blizzard demon (IceCv)
  2 ogre magi
  10 naga warriors
  Fannar (Lair:2)
  Erica (D:8)
  Harold (D:10)
  Erolcha (D:12)
  2 vault guards (D:13)
  10 hydras
  A queen ant (Lair:2)
  A centaur warrior (D:14)
  14 two-headed ogres
  2 catoblepae
  An alligator (Swamp:1)
  6 anacondas
  6 death yaks
  3 shock serpents
  7 naga sharpshooters
  2 salamander mystics
  2 deep trolls (Orc:2)
  3 unseen horrors
  5 sea snakes (Snake:4)
  A wizard (D:13)
  A deep elf archer (D:13)
  An obsidian statue (Snake:1)
  7 naga ritualists
  A shambling mangrove (Swamp:1)
  3 necromancers (D:13)
  A lindwurm (Swamp:2)
  A wolf spider zombie (D:15)
  3 cyclopes
  2 orc knights (Orc:1)
  2 orc sorcerers
  A deep elf mage (D:15)
  A harpy (shapeshifter) (D:15)
  2 manticores
  3 ugly things
  8 mana vipers
  Maurice (D:12)
  14 salamanders
  4 guardian serpents
  14 elephants
  39 black mambas
  12 naga magi
  3 ice statues
  2 centaur zombies
  27 spiny frogs
  A rime drake (Lair:4)
  2 freezing wraiths
  13 ice devils (IceCv)
  4 komodo dragons
  A polar bear (Lair:4)
  11 trolls
  5 hornets
  4 dream sheep
  12 tyrant leeches
  14 blink frogs
  9 slime creatures (D:13)
  7 hippogriffs
  2 bog bodies
  2 shadows
  4 wyverns
  A redback (Lab)
  A vampire (D:15)
  28 yaks
  A spriggan (Swamp:1)
  18 humans (D:13)
  A wraith (D:15)
  2 basilisks
  A hungry ghost (D:10)
  16 vampire mosquitoes
  7 soldier ants
  7 swamp worms
  10 wargs
  56 nagas
  A hydra simulacrum (Swamp:2)
  16 water moccasins
  9 porcupines
  3 black bears
  5 swamp drakes
  An eye of draining (D:10)
  22 orc warriors
  2 ice beasts
  4 sky beasts
  3 phantoms
  6 wolves
  26 ogres
  2 centaurs
  8 crocodiles
  A big kobold (D:8)
  21 bullfrogs
  A gnoll sergeant (D:5)
  4 killer bees
  A scorpion (D:11)
  2 jellies
  8 wights
  An electric eel (Lair:3)
  4 howler monkeys
  5 crimson imps
  2 quasits
  20 orc priests
  2 hounds (D:5)
  6 bullfrog skeletons
  A centaur skeleton (D:12)
  2 iguanas
  Natasha (thrice) (D:3)
  21 orc wizards
  12 hell rats (Lair:3)
  18 worker ants
  2 hound zombies (D:7)
  2 hound skeletons
  A howler monkey zombie (D:6)
  Robin (D:4)
  7 gnolls
  14 adders
  10 river rats (Lair:3)
  2 shadow imps
  10 white imps (IceCv)
  6 ufetubi (IceCv)
  2 oozes
  2 adder zombies
  3 worms (D:2)
  2 dart slugs (D:1)
  6 leopard geckos
  73 orcs
  5 bats
  5 giant cockroaches
  7 hobgoblins
  8 jackals
  11 quokkas
  A ball python (D:1)
  4 frilled lizards
  14 goblins
  18 kobolds
  A leopard gecko skeleton (D:4)
  A quokka skeleton (D:6)
  A quokka zombie (D:6)
  17 rats
  2 plants
969 creatures vanquished.

Vanquished Creatures (collateral kills)
  A hornet (D:15)
1 creature vanquished.

Vanquished Creatures (others)
  A centaur warrior (D:15)
  2 naga sharpshooters (Snake:4)
  A salamander (Snake:2)
  A cyclops (D:12)
  2 naga magi
  2 hornets (Swamp:1)
  A blink frog (Swamp:1)
  A spriggan (Swamp:1)
  A naga (Snake:4)
  A swamp drake (Swamp:1)
  A centaur (D:12)
  2 ufetubi (IceCv)
  6 fungi
  43 plants
65 creatures vanquished.

Grand Total: 1035 creatures vanquished

Notes
Turn   | Place    | Note
-------+----------+-------------------------------------------
     0 | D:1      | Esekla the Vine Stalker Venom Mage began the quest for the Orb.
     0 | D:1      | Reached XP level 1. HP: 9/9 MP: 4/4
   200 | D:1      | Reached XP level 2. HP: 10/14 MP: 4/6
   423 | D:1      | Reached skill level 1 in Fighting
   589 | D:1      | Reached XP level 3. HP: 18/18 MP: 5/7
   609 | D:1      | Reached skill level 1 in Short Blades
   893 | D:1      | Learned a level 3 spell: Mephitic Cloud
  1311 | D:2      | Gained mutation: Your natural rate of healing is unusually fast. [Vine Stalker growth]
  1311 | D:2      | Reached XP level 4. HP: 21/22 MP: 4/8
  1474 | D:2      | Found a sparkling altar of Nemelex Xobeh.
  1549 | D:2      | Reached XP level 5. HP: 25/25 MP: 9/9
  1557 | D:2      | Learned a level 4 spell: Olgreb's Toxic Radiance
  1683 | D:3      | Reached skill level 1 in Air Magic
  1684 | D:3      | Reached skill level 1 in Polearms
  2150 | D:3      | Noticed Natasha
  2159 | D:3      | Killed Natasha
  2159 | D:3      | Reached skill level 2 in Polearms
  2159 | D:3      | Reached XP level 6. HP: 30/30 MP: 10/10
  2212 | D:3      | Noticed Natasha
  2221 | D:3      | Killed Natasha
  2419 | D:3      | Noticed Natasha
  2426 | D:3      | Killed Natasha
  2590 | D:5      | Entered Level 5 of the Dungeon
  2835 | D:4      | Noticed a phantom
  2860 | D:4      | Killed a phantom
  2860 | D:4      | Reached skill level 3 in Polearms
  3035 | D:4      | Noticed Robin
  3039 | D:4      | Killed Robin
  3039 | D:4      | Reached XP level 7. HP: 34/34 MP: 11/11
  3255 | D:5      | Found Ogipniga's Antique Armour Shop.
  3309 | D:5      | Reached skill level 4 in Polearms
  3531 | D:5      | Gained mutation: You have razor-sharp teeth. [Vine Stalker growth]
  3531 | D:5      | Reached XP level 8. HP: 39/39 MP: 12/12
  4184 | D:5      | Reached skill level 5 in Polearms
  4474 | D:6      | Reached skill level 6 in Polearms
  4810 | D:7      | Reached XP level 9. HP: 30/44 MP: 13/13
  4827 | D:7      | Found a staircase to the Ecumenical Temple.
  4960 | D:7      | Reached skill level 7 in Polearms
  5027 | D:5      | Learned a level 4 spell: Sticky Flame
  5084 | Temple   | Entered the Ecumenical Temple
  5092 | Temple   | Became a worshipper of Vehumet
  5657 | D:8      | Reached skill level 1 in Fire Magic
  5837 | D:8      | Reached * piety under Vehumet
  5837 | D:8      | Offered knowledge of Magic Dart by Vehumet.
  6108 | D:8      | Noticed Erica
  6129 | D:8      | Killed Erica
  6129 | D:8      | Reached skill level 8 in Polearms
  6129 | D:8      | Reached XP level 10. HP: 49/49 MP: 15/15
  6295 | D:9      | Found a runed gate.
  6320 | D:9      | Found a runed gate.
  6320 | D:9      | Found a runed gate.
  6320 | D:9      | Noticed KamiKatze's ghost (journeyman VSFi)
  6320 | D:9      | Noticed a nine-headed hydra
  6321 | D:9      | Noticed an 11-headed hydra
  6408 | D:9      | Found a staircase to the Lair.
  6469 | D:8      | Reached skill level 1 in Throwing
  6718 | D:9      | Found a bloodstained altar of Trog.
  6928 | D:9      | Reached skill level 9 in Polearms
  7581 | Lair:1   | Entered Level 1 of the Lair of Beasts
  7598 | Lair:1   | Noticed a spiny frog
  7638 | D:10     | Entered Level 10 of the Dungeon
  7652 | D:10     | Reached skill level 5 in Conjurations
  7748 | D:10     | Noticed a two-headed ogre
  7761 | D:10     | Killed a two-headed ogre
  7766 | D:10     | Reached ** piety under Vehumet
  7789 | D:10     | Offered knowledge of Freeze by Vehumet.
  7799 | D:10     | Noticed Harold
  7908 | D:10     | Noticed a green ugly thing
  8017 | D:10     | Reached XP level 11. HP: 54/54 MP: 18/18
  8125 | D:10     | Reached skill level 5 in Poison Magic
  8176 | D:10     | Offered knowledge of Searing Ray by Vehumet.
  8203 | D:10     | Killed a green ugly thing
  8203 | D:10     | Reached skill level 10 in Polearms
  8208 | D:10     | Learned a level 2 spell: Searing Ray
  8383 | D:10     | Killed Harold
  8383 | D:10     | Reached skill level 5 in Fighting
  8510 | D:10     | Reached *** piety under Vehumet
  9073 | D:11     | Paralysed by a hornet for 1 turns
  9121 | D:12     | Noticed a cyclops
  9293 | D:12     | Reached skill level 5 in Spellcasting
  9310 | D:12     | Noticed a two-headed ogre
  9344 | D:12     | Noticed a brown ugly thing
  9348 | D:12     | Noticed a purple ugly thing
  9351 | D:12     | Noticed a two-headed ogre
  9634 | D:11     | Found a runed gate.
  9634 | D:11     | Found a runed gate.
  9635 | D:11     | Found an opulent altar of Gozag.
  9636 | D:11     | Noticed an obsidian statue
  9641 | D:11     | Reached skill level 5 in Fire Magic
  9651 | D:11     | Learned a level 5 spell: Fireball
  9718 | D:11     | Reached skill level 5 in Dodging
  9827 | D:11     | Offered knowledge of Static Discharge by Vehumet.
  9860 | D:11     | Found a staircase to the Orcish Mines.
  9899 | D:11     | Killed an unseen horror
 10144 | D:11     | Gained mutation: You heal very quickly. [Vine Stalker growth]
 10144 | D:11     | Reached XP level 12. HP: 53/60 MP: 20/20
 10171 | Orc:1    | Entered Level 1 of the Orcish Mines
 10173 | Orc:1    | Paralysed by an orc sorcerer for 3 turns
 10190 | Orc:1    | Reached skill level 1 in Evocations
 10233 | Orc:1    | Found a runed gate.
 10234 | Orc:1    | Found a runed gate.
 10235 | Orc:1    | Found a runed gate.
 10235 | Orc:1    | Noticed an orc warlord
 10325 | Orc:1    | Reached skill level 11 in Polearms
 10451 | Orc:1    | Noticed Putoagui's ghost (journeyman MiFi)
 10460 | Orc:1    | Reached **** piety under Vehumet
 10461 | Orc:1    | Noticed a merfolk javelineer
 10473 | Orc:1    | Found an iron altar of Okawaru.
 10504 | Orc:2    | Entered Level 2 of the Orcish Mines
 10504 | Orc:2    | Found a staircase to the Elven Halls.
 10559 | Orc:2    | Gained mutation: You are dopey. (Int -2) [a neqoxec]
 10597 | Orc:1    | Learned a level 1 spell: Corona
 10599 | Orc:2    | Noticed an ogre mage
 10609 | Orc:1    | Killed an ogre mage
 10610 | Orc:1    | Offered knowledge of Irradiate by Vehumet.
 10656 | Orc:2    | Noticed a two-headed ogre
 10760 | Orc:1    | Reached skill level 1 in Hexes
 10763 | Orc:1    | Killed a two-headed ogre
 10873 | Orc:2    | Noticed a two-headed ogre
 10873 | Orc:2    | Noticed a two-headed ogre
 10949 | Orc:2    | Noticed a two-headed ogre
 10950 | Orc:2    | Noticed a stone giant
 11117 | Orc:1    | Killed a two-headed ogre
 11222 | Orc:1    | Killed a two-headed ogre
 11331 | Orc:1    | Killed a stone giant
 11459 | Orc:1    | Killed a two-headed ogre
 11561 | Orc:2    | Reached skill level 5 in Air Magic
 11610 | Orc:2    | Noticed a two-headed ogre
 11623 | Orc:2    | Killed a two-headed ogre
 11645 | Orc:2    | Found Duidexav's Antique Armour Shop.
 11645 | Orc:2    | Noticed a two-headed ogre
 11668 | Orc:2    | Killed a two-headed ogre
 11668 | Orc:2    | Reached XP level 13. HP: 43/63 MP: 22/22
 11829 | Orc:2    | Found Juyxorr's Food Emporium.
 11834 | Orc:2    | Found Ymuar's Assorted Antiques.
 12161 | Orc:2    | Found Sear's Jewellery Boutique.
 12170 | Orc:2    | Reached skill level 1 in Armour
 12179 | Orc:2    | Found Upnimab's Gadget Boutique.
 12219 | Orc:2    | Noticed an ogre mage
 12226 | Orc:2    | Reached ***** piety under Vehumet
 12226 | Orc:2    | Offered knowledge of Lightning Bolt by Vehumet.
 12233 | Orc:2    | Reached skill level 12 in Polearms
 12248 | Orc:2    | Killed an ogre mage
 12691 | Orc:2    | Bought a +4 amulet of reflection for 324 gold pieces
 12747 | Orc:2    | Bought the amulet "Ruutt" {RegenMP rPois rC- MR+} for 477 gold pieces
 12747 | Orc:2    | Bought the ring "Zurizene" {rC- rN+ AC+3 Int+4 Slay+3} for 554 gold pieces
 13351 | Lair:1   | Reached skill level 1 in Shields
 14249 | Lair:1   | Upgraded the game from 0.22.0-5-gf09313c8f9 to 0.22.0-6-g71bd7aa6b3
 14309 | Lair:2   | Learned a level 5 spell: Lightning Bolt
 14436 | Lair:2   | Noticed Fannar
 14473 | Lair:2   | Killed Fannar
 15314 | Lair:3   | Found a labyrinth entrance.
 15526 | Lab      | Entered a labyrinth
 15821 | Lab      | Noticed a minotaur
 15899 | Lab      | Killed a minotaur
 16051 | Lair:3   | Found a staircase to the Swamp.
 16401 | Lair:3   | Offered knowledge of Conjure Ball Lightning by Vehumet.
 16736 | Lair:3   | Reached XP level 14. HP: 52/68 MP: 13/24
 16904 | Swamp:1  | Entered Level 1 of the Swamp
 17941 | Lair:4   | Found a staircase to the Snake Pit.
 18063 | Lair:4   | Reached skill level 13 in Polearms
 18589 | Lair:5   | Got a fine hand axe
 18662 | Lair:5   | Identified the +6 hand axe "Suebaunwo" {chop, rF+ Str+9} (You found it on level 5 of the Lair of Beasts)
 18755 | Lair:5   | Learned a level 2 spell: Blink
 18839 | Lair:5   | Got a heavily runed helmet
 18851 | Lair:5   | Identified the cursed +0 helmet of Courage {*Drain rN+ Int+3 Dex+2} (You found it on level 5 of the Lair of Beasts)
 18957 | Lair:5   | Found a staircase to the Slime Pits.
 18957 | Lair:5   | Found a viscous altar of Jiyva.
 18972 | Slime:1  | Entered Level 1 of the Pits of Slime
 18972 | Slime:1  | Noticed an azure jelly
 18981 | Lair:6   | Entered Level 6 of the Lair of Beasts
 19281 | Lair:5   | Reached skill level 1 in Translocations
 19368 | Lair:6   | Noticed IcyTea's ghost (journeyman TrHu)
 19578 | Lair:6   | Found a runed door.
 19586 | Lair:6   | Offered knowledge of Lee's Rapid Deconstruction by Vehumet.
 19793 | Lair:6   | Reached XP level 15. HP: 67/72 MP: 18/25
 20250 | Lair:6   | Got a twisted shield
 20261 | Lair:6   | Identified the +5 shield of the Kraken {MP+9 Int+2} (You found it on level 6 of the Lair of Beasts)
 20695 | D:12     | Noticed Erolcha
 20696 | D:12     | Reached skill level 14 in Polearms
 20714 | D:12     | Killed Erolcha
 21551 | D:13     | Found a gate to the Vaults.
 21690 | D:12     | Noticed Maurice
 21696 | D:13     | Reached skill level 5 in Shields
 21722 | D:12     | Killed Maurice
 22069 | D:12     | Found Mackiug's Assorted Antiques.
 22078 | D:12     | Bought a scroll of enchant weapon for 217 gold pieces
 22078 | D:12     | Bought a scroll of enchant weapon for 217 gold pieces
 22418 | D:14     | Offered knowledge of Bolt of Fire by Vehumet.
 22450 | D:15     | Entered Level 15 of the Dungeon
 22592 | D:15     | Identified a scroll of acquirement
 22913 | D:15     | Found a staircase to the Depths.
 23176 | D:14     | Reached XP level 16. HP: 63/76 MP: 27/27
 23568 | Snake:1  | Entered Level 1 of the Snake Pit
 23933 | Snake:1  | Found a frozen archway.
 23965 | IceCv    | Entered an ice cave
 24318 | IceCv    | Offered knowledge of Bolt of Cold by Vehumet.
 24729 | Snake:1  | Reached skill level 5 in Translocations
 25266 | Snake:1  | Found a runed gate.
 25266 | Snake:1  | Found a runed gate.
 25267 | Snake:1  | Noticed Nerinnoumi's ghost (adept CeFi)
 25448 | Snake:1  | Found a runed gate.
 25459 | Snake:1  | Found the +7 sceptre of Torment
 25960 | Snake:2  | Noticed Asterion
 25969 | Snake:2  | Killed Asterion
 26073 | Snake:2  | Found a runed gate.
 26073 | Snake:2  | Found a runed gate.
 26103 | Snake:2  | Reached skill level 10 in Poison Magic
 26544 | Snake:2  | Found a runed gate.
 26549 | Snake:2  | Noticed Azocuz's ghost (adept OpAr)
 26554 | Snake:2  | Found an opulent altar of Gozag.
 26747 | Snake:3  | Reached XP level 17. HP: 62/81 MP: 28/28
 26842 | Snake:3  | Found a runed gate.
 26842 | Snake:3  | Found a runed gate.
 26842 | Snake:3  | Found a runed gate.
 26872 | Snake:3  | Offered knowledge of Spellforged Servitor by Vehumet.
 27219 | Snake:3  | Learned a level 5 spell: Silence
 27621 | Snake:3  | Noticed Puefib's ghost (adept CeFi)
 27831 | Snake:4  | Entered Level 4 of the Snake Pit
 29687 | Snake:4  | Got a serpentine rune of Zot
 30091 | Swamp:1  | Reached ****** piety under Vehumet
 30182 | Swamp:1  | Offered knowledge of Ozocubu's Refrigeration by Vehumet.
 30411 | Swamp:1  | Reached XP level 18. HP: 75/87 MP: 30/30
 30567 | Swamp:1  | Reached skill level 5 in Short Blades
 30905 | Swamp:2  | Killed from afar by an ice dragon

Skill      XL: |  1  2  3  4  5  6  7  8  9 10 11 12 13 14 15 16 17 18 |
---------------+-------------------------------------------------------+-----
Fighting       | 1 2 3 4 5 6 |  6.5
Short Blades   | 1 2 3 4 5 |  5.0
Stealth        | 3 4 |  4.0
Dodging        | 2 3 4 5 6 7 |  7.9
Air Magic      | 1 2 3 4 5 6 7 8 9 |  9.3
Polearms       | 2 3 4 6 8 9 10 11 12 13 14 | 14.9
Conjurations   | 2 4 5 6 7 8 |  8.3
Fire Magic     | 2 3 5 6 7 8 9 |  9.9
Spellcasting   | 3 4 5 6 7 |  7.6
Throwing       | 1 2 |  2.5
Poison Magic   | 4 6 7 8 9 10 | 10.7
Evocations     | 3 |  3.3
Hexes          | 2 3 4 |  4.8
Armour         | 2 4 |  4.7
Shields        | 1 3 6 8 9 |  9.7
Translocations | 2 4 5 |  5.1

Action                   |  1- 3 |  4- 6 |  7- 9 | 10-12 | 13-15 | 16-18 || total
-------------------------+-------+-------+-------+-------+-------+-------++-------
Melee: Dagger            |    16 |       |       |       |       |     4 ||    20
       Bite              |    45 |    11 |    76 |   121 |   375 |   380 ||  1008
       Club              |     2 |       |       |       |       |       ||     2
       Short sword       |   107 |     9 |       |       |       |       ||   116
       Trident           |       |    96 |   304 |   570 |  1330 |  1206 ||  3506
Throw: Stone             |    22 |    23 |    11 |       |       |       ||    56
       Tomahawk          |       |       |     4 |     3 |       |     4 ||    11
       Javelin           |       |       |       |    20 |    32 |    18 ||    70
 Cast: Sting             |    12 |       |     1 |       |       |       ||    13
       Mephitic Cloud    |     1 |     2 |     6 |    22 |    26 |     1 ||    58
       Sticky Flame      |       |       |       |    49 |   139 |    82 ||   270
       Searing Ray       |       |       |       |     1 |    13 |     4 ||    18
       Fireball          |       |       |       |     1 |     2 |     5 ||     8
       Corona            |       |       |       |     1 |       |       ||     1
       Lightning Bolt    |       |       |       |       |     4 |     1 ||     5
       Olgreb's Toxic Ra |       |       |       |       |     1 |       ||     1
       Blink             |       |       |       |       |     1 |       ||     1
Evoke: Wand              |       |       |       |       |     4 |       ||     4
  Use: Scroll            |       |     5 |    18 |    11 |    19 |     7 ||    60
       Potion            |       |       |       |     1 |     2 |     3 ||     6
 Stab: Sleeping          |    12 |     9 |     7 |    10 |    14 |     9 ||    61
       Distracted        |       |     1 |     2 |     2 |     3 |     4 ||    12
       Confused          |       |     1 |     2 |    11 |    21 |     2 ||    37
  Eat: Ration            |     1 |     2 |     3 |     9 |    16 |     9 ||    40
       Chunk             |       |       |       |       |     1 |     2 ||     3
Armor: Robe              |    24 |    31 |    88 |   149 |       |       ||   292
       Troll leather arm |       |       |       |       |   259 |   224 ||   483
       Leather armour    |       |       |       |       |    70 |       ||    70
Dodge: Dodged            |    51 |    50 |   177 |   347 |   673 |   319 ||  1617
Block: Buckler           |       |       |       |       |   197 |       ||   197
       Reflection        |       |       |       |       |    13 |    75 ||    88
       Shield            |       |       |       |       |   200 |   785 ||   985
